Map: Hecate LE

Players

SubN - Winner!

  • Race: Zerg Zerg
  • League: Diamond
  • Spawn Location: 7:00

SaVaGe

  • Race: Zerg Zerg
  • League: Diamond
  • Spawn Location: 1:00

VOD

Have the link to the VOD?

Description

Time

  • Played on: Dec. 24, 2023, 5:49 p.m.
  • Length: 4:26
Show
View Real Time Build Order
Export as new Build Order

SubN Zerg - Winner!

Build Orders: Pool First 

Get SALT Encoding   

  12  0:00  Drone  
  13  0:12  Overlord  
  13  0:19  Drone  
  14  0:30  Drone x2  
  14  0:34  Drone  
  17  0:37  Extractor  
  16  0:45  Drone  
  17  0:51  Spawning Pool  
  16  1:01  Drone  
  17  1:12  Drone  
  18  1:23  Hatchery  
  17  1:26  Drone  
  17  1:30  Drone  
  19  1:39  Metabolic Boost  
  19  1:49  Queen  
  21  1:57  Overlord  
  21  2:00  Zergling x2  
  22  2:16  Zergling x4  
  24  2:25  Zergling x2  
  25  2:36  Zergling x4  
  27  2:43  Zergling x2  
  28  2:49  Zergling x2  
  29  3:23  Zergling x10  
  29  3:24  Zergling x2  
  35  3:38  Zergling x2  
  36  3:55  Overlord x2  
Show
View Real Time Build Order
Export as new Build Order

SaVaGe Zerg 

Build Orders:  

Get SALT Encoding   

  12  1:48  Hatchery  
  12  1:53  Hatchery  
  10  1:58  Hatchery  
  9  2:04  Hatchery  
  8  2:20  Hatchery  
  6  3:07  Hatchery  
Tags
 
Matchup
ZvZ
Opening
Pool First
Race
Zerg
Replay Pack
2025 replay dump
Spawn Locations
Cross Positions
Add a new tag
Caveats
  • Supply blocks, unpowered buildings, or Contaminate may cause inaccurate times.
  • Supply counts are checked every 10 seconds.